 Dungeon Crawl Stone Soup version 0.27-a0-1431-gcffa5a9b16 (webtiles) character file.

Game seed: 420055367419772759

195 Wyvernaa the Covered (level 5, -12/41 HPs)
             Began as a Demonspawn Fighter on July 2, 2021.
             Killed by nerve-wracking pain
             ... invoked by an orc priest
              (14 damage)
             ... on level 3 of the Dungeon.
             The game lasted 00:03:49 (2305 turns).

Wyvernaa the Covered (Demonspawn Fighter)           Turns: 2305, Time: 00:03:50

Health: -12/41     AC:  9    Str: 16    XL:     5   Next: 45%
Magic:  5/5        EV:  7    Int:  9    God:
Gold:   74         SH:  9    Dex: 14    Spells: 4/4 levels left

rFire    . . .     SeeInvis .   a - +1 trident
rCold    . . .     Faith    .   c - +0 kite shield
rNeg     . . .     Spirit   .   b - +0 scale mail
rPois    .         Reflect  .   (no helmet)
rElec    .         Harm     .   (no cloak)
rCorr    .         Rampage  .   (no gloves)
Will     .....                  (no boots)
Stlth    ..........             (no amulet)
HPRegen  0.13/turn              (no ring)
MPRegen  0.09/turn              (no ring)

@: no status effects
A: hooves 2, icy blue scales 1
a: no special abilities


You were on level 3 of the Dungeon.
You visited 1 branch of the dungeon, and saw 3 of its levels.

You collected 74 gold pieces.

Inventory:

Hand Weapons
 a - a +1 trident (weapon)
Armour
 b - a +0 scale mail (worn)
 c - a +0 kite shield (worn)
Jewellery
 j - a +4 ring of evasion
Scrolls
 e - a scroll of identify
 g - a scroll of enchant armour
 h - a scroll of fog
 i - a scroll of fear {unknown}
Potions
 d - a potion of might
 k - a potion of invisibility {unknown}


   Skills:
 + Level 3.3 Fighting
 + Level 3.5 Polearms
 + Level 3.8 Armour
 + Level 0.9 Dodging
 + Level 0.8 Stealth
 + Level 3.0 Shields


You had 4 spell levels left.
You didn't know any spells.
Your spell library contained the following spells:

 Spells                   Type           Power      Damage    Failure   Level
 Shock                    Conj/Air       0%         1d3       100%        1
 Passwall                 Tmut/Erth      0%         N/A       100%        2
 Swiftness                Air            0%         N/A       100%        3
 Airstrike                Air            0%         N/A       100%        4
 Petrify                  Tmut/Erth      0%         N/A       100%        4
 Alistair's Intoxication  Tmut/Pois      0%         N/A       100%        5
 Metabolic Englaciation   Hex/Ice        0%         N/A       100%        5
 Eringya's Noxious Bog    Tmut/Pois      0%         N/A       100%        6
 Statue Form              Tmut/Erth      0%         N/A       100%        6


Dungeon Overview and Level Annotations

Branches:
Dungeon (3/15)

Altars:
Gozag


Innate Abilities, Weirdness & Mutations

You have hoof-like feet.
You are partially covered in icy blue scales. (AC +2)


Message History

You barely miss the orc priest.
You kick the orc priest, but do no damage.
You block the orc priest's attack.
You hit the orc priest but do no damage.
You kick the orc priest.
The orc priest is lightly wounded.
The orc priest calls down the wrath of Beogh upon you.
Beogh smites you! The orc priest barely misses you.
You hit the orc priest but do no damage.
You kick the orc priest.
The orc priest is heavily wounded.
The orc priest hits you with a +1 hand axe of freezing.
The orc priest freezes you.
You hit the orc priest.
The orc priest is severely wounded.
The orc priest hits you with a +1 hand axe of freezing.
* * * LOW HITPOINT WARNING * * *
The orc priest freezes you.
* * * LOW HITPOINT WARNING * * *
You closely miss the orc priest. Your kick misses the orc priest.
The orc priest is severely wounded.
You block the orc priest's attack.
The orc priest hits you but does no damage.
You feel better.
The orc priest hits you with a +1 hand axe of freezing.
* * * LOW HITPOINT WARNING * * *
The orc priest freezes you.
* * * LOW HITPOINT WARNING * * *
You hit the orc priest.
The orc priest is severely wounded.
The orc priest hits you with a +1 hand axe of freezing.
* * * LOW HITPOINT WARNING * * *
The orc priest freezes you.
* * * LOW HITPOINT WARNING * * *
You hit the orc priest but do no damage.
You kick the orc priest, but do no damage.
The orc priest is severely wounded.
The orc priest calls down the wrath of Beogh upon you.
Pain shoots through your body!
You die...

############
..^........#
##########.# #.# ##
#.######## .#
#......@.# .#
#.######o# .# ######
#r# ### .# ##...###)#
...## .#
#####.....##'##.....#
.#
#...#........†......#
.##
#.###....)#####.....#
..####.####..o##
...## ..........##.##
.##


You could see an orc priest and a quokka.

Vanquished Creatures
  A scorpion (D:3)
  Terence (D:3)
  An orc wizard (D:3)
  3 adders
  A dart slug (D:1)
  4 orcs (D:3)
  6 endoplasms
  4 giant cockroaches
  11 goblins
  4 hobgoblins
  A jackal (D:3)
  3 quokkas
  4 ball pythons
  6 bats
  3 frilled lizards
  2 kobolds
  3 rats
58 creatures vanquished.

Vanquished Creatures (others)
  A hobgoblin (D:1)
1 creature vanquished.

Grand Total: 59 creatures vanquished

Notes
Turn   | Place    | Note
-------+----------+-------------------------------------------
     0 | D:1      | Wyvernaa the Demonspawn Fighter began the quest for the
                  | Orb.
     0 | D:1      | Reached XP level 1. HP: 18/18 MP: 1/1
   235 | D:1      | Gained mutation: You have large cloven feet. [demonic
                  | ancestry]
   235 | D:1      | Reached XP level 2. HP: 24/24 MP: 2/2
   736 | D:1      | Found a faded altar of an unknown god.
   998 | D:2      | Gained mutation: You have hoof-like feet. [demonic
                  | ancestry]
   998 | D:2      | Reached XP level 3. HP: 29/29 MP: 3/3
  1050 | D:2      | Got the Handbook of Virous Transformation
  1876 | D:3      | Noticed Terence
  1885 | D:3      | Killed Terence
  1886 | D:3      | Reached XP level 4. HP: 28/35 MP: 4/4
  2034 | D:3      | Found an opulent altar of Gozag.
  2160 | D:3      | Noticed a scorpion
  2171 | D:3      | Killed a scorpion
  2172 | D:3      | Gained mutation: You are partially covered in icy blue
                  | scales. (AC +2) [demonic ancestry]
  2172 | D:3      | Reached XP level 5. HP: 18/41 MP: 5/5
  2304 | D:3      | HP: 2/41 [orc priest (1)]
  2305 | D:3      | Killed from afar by an orc priest

Illustrated notes

Levels and vault maps discovered:
D:1:      dpeg_arrival_stonehenge_8_columns, layout_basic,
          ebering_ecumenical_altar_webs, lemuel_old_faithful
D:2:      layout_loops_ring, dk_noncrumbling_4
D:3:      minmay_octagon_keep, layout_loops_ring,
          nicolae_overflow_crystal_walls, guppyfry_early_lair_pool, uniq_terence

Skill      XL: |  1  2  3  4 |
---------------+-------------+-----
Polearms       | 2 3 |  3.5
Armour         | 3 |  3.8
Shields        | 3 |  3.0
Fighting       | |  3.3
Dodging        | |  0.9
Stealth        | |  0.8

Action                   |  1- 3 |  4- 6 || total
-------------------------+-------+-------++-------
Melee: Trident           |   101 |    39 ||   140
       Kick              |    13 |     7 ||    20
  Use: Scroll            |     5 |       ||     5
       Potion            |     1 |     2 ||     3
Armor: Scale mail        |    37 |     8 ||    45
Dodge: Dodged            |    22 |     4 ||    26
Block: Kite shield       |    31 |    18 ||    49

Table legend: (Time is in decaauts)
 A = Elapsed time spent in this place.
 B = Non-inter-level travel time spent in this place.
 C = Inter-level travel time spent in this place.
 D = Time resting spent in this place.
 E = Time spent auto-exploring this place.
 F = Levels seen in this place.
 G = Mean time per level.
                   A        B        C        D        E       F      G
               +--------+--------+--------+--------+--------+-----+--------+
         Total |   2364 |   2271 |     93 |    137 |   1743 |   3 |  788.0 |
       Dungeon |   2364 |   2271 |     93 |    137 |   1743 |   3 |  788.0 |
               +--------+--------+--------+--------+--------+-----+--------+

Top non-repeatable levels by time:
     D:2: 988 daAuts
     D:1: 930 daAuts
     D:3: 445 daAuts
